 Dungeon Crawl Stone Soup version 0.27-a0-1139-g28e009f8a6 (webtiles) character file.

Game seed: 15904570459126611325

1293 jestyr24 the Magician (level 8, 0/54 HPs)
             Began as a Djinni Conjurer on May 8, 2021.
             Slain by Drazool's ghost (3 damage)
             ... on level 6 of the Dungeon.
             The game lasted 00:28:14 (6027 turns).

jestyr24 the Magician (Djinni Conjurer)             Turns: 6027, Time: 00:28:14

Health: 0/54       AC:  5    Str:  6    XL:     8   Next: 56%
Gold:   292        EV: 12    Int: 23    God:
                   SH:  5    Dex: 11

rFire    + + .     SeeInvis .   m - +2 dagger (venom)
rCold    x . .     Faith    .   (no shield)
rNeg     . . .     Spirit   .   a - +0 robe
rPois    ∞         Reflect  +   k - +2 helmet
rElec    .         Harm     .   (no cloak)
rCorr    .         Rampage  .   (no gloves)
Will     .....                  (boots unavailable)
Stlth    ++........             p - amulet of reflection
HPRegen  0.18/turn              (no ring)
MPRegen  0.00/turn              (no ring)

@: flying, studying Axes
A: sickness immunity, fire resistance 2, cold vulnerability 1, float, innate
caster, hp casting, extra vitality 1
a: no special abilities


You were on level 6 of the Dungeon.
You visited 1 branch of the dungeon, and saw 6 of its levels.
You also visited: Sewer.

You collected 292 gold pieces.

Inventory:

Hand Weapons
 b - a +0 spear
 m - a +2 dagger of venom (weapon)
 n - a +3 hunting sling
 s - a +0 dire flail
Missiles
 d - 180 stones
 i - a throwing net
 o - a curare-tipped dart
Armour
 a - a +0 robe (worn)
 k - a +2 helmet (worn)
 q - a +0 robe of positive energy
 A - a +0 kite shield
Jewellery
 p - an amulet of reflection (around neck)
 v - an amulet of the acrobat
Scrolls
 e - 3 scrolls of teleportation
 g - a scroll of immolation
 w - a scroll of enchant armour {unknown}
 y - a scroll of blinking
 z - a scroll of magic mapping {unknown}
 B - a scroll of identify {unknown}
Potions
 c - 2 potions of invisibility {unknown}
 f - 3 potions of degeneration {unknown}
 h - a potion of heal wounds {unknown}
 j - a potion of might {unknown}
 l - 2 potions of flight
 r - 2 potions of curing {unknown}
 t - a potion of mutation {unknown}
 u - 2 potions of lignification {unknown}
 x - a potion of cancellation {unknown}


   Skills:
 * Level 2.3 Fighting
 - Level 0.3 Short Blades
 + Level 3.3 Dodging
 - Level 3.5 Stealth
 * Level 2.1 Shields
 + Level 7.9 Spellcasting


You had 2 spell levels left.
You knew the following spells:

 Your Spells              Type           Power      Damage    Failure   Level
a - Magic Dart            Conj           100%       1d8       1%          1
b - Searing Ray           Conj           90%        3d6       1%          2
c - Dazzling Flash        Conj/Hex       90%        N/A       1%          3
d - Fulminant Prism       Conj/Hex       22%        3d13      2%          4
e - Iskenderun's Mystic   Conj/Tloc      45%        2d10      2%          4
f - Foxfire               Conj/Fire      100%       2x1d9     1%          1
g - Wereblood             Tmut           45%        N/A       1%          2
h - Call Canine Familiar  Summ           45%        N/A       1%          3
Your spell library was empty.

Dungeon Overview and Level Annotations

Branches:
Dungeon (6/15)              Sewer (visited)
 Temple: D:4-7

Altars:
Fedhas
Okawaru
Ru

Shops:
D:3 [

Annotations:
D:3 1 runed translucent door, reriks's ghost, amateur DEFE
D:6 Drazool's ghost, novice GnFi


Innate Abilities, Weirdness & Mutations

You are immune to sickness and miasma.
You are immune to poison.
Your flesh is very heat resistant. (rF++)
You are vulnerable to cold. (rC-)
You float through the air rather than walking.
You learn spells naturally, not from books.
Your magical power is your life essence.
You have superior vitality. (+4 HP)


Message History

The searing ray hits Drazool's ghost!
Drazool's ghost is heavily damaged. (Press . to maintain the ray.)
Your fulminant prism crackles loudly.
Casting: Searing Ray (safe; 1% risk of failure)
Confirm with . or Enter, or press ? or * to list all spells.
You erupt in a blast of force!
The mystic blast hits Drazool's ghost but does no damage.
Drazool's ghost is heavily damaged.
You hear a shout!
Drazool's ghost hits you!
Your fulminant prism explodes!
The blast of energy engulfs Drazool's ghost!!
Drazool's ghost is almost destroyed.
Unknown command.
Casting: Iskenderun's Mystic Blast (dangerous; 2% risk of failure)
Confirm with . or Enter, or press ? or * to list all spells.
You erupt in a blast of force!
The mystic blast hits Drazool's ghost.
Drazool's ghost is almost destroyed.
Drazool's ghost is knocked back by the mystic blast.
* * * LOW HITPOINT WARNING * * *
You hear an angry hiss.
A kobold comes into view. It is wielding a +0 whip.
Casting: Iskenderun's Mystic Blast (dangerous; 2% risk of failure)
Confirm with . or Enter, or press ? or * to list all spells.
You erupt in a blast of force!
The mystic blast hits Drazool's ghost but does no damage.
Drazool's ghost is almost destroyed.
* * * LOW HITPOINT WARNING * * *
Drazool's ghost hits you!
* * * LOW HITPOINT WARNING * * *
Casting: Iskenderun's Mystic Blast (dangerous; 2% risk of failure)
Confirm with . or Enter, or press ? or * to list all spells.
You don't have enough health to cast this spell.
Unknown command.
It was a potion of flight.
You feel more buoyant.
A kobold comes into view. It is wielding a +0 short sword.
Drazool's ghost hits you.
You die...

####### ........ ###
##.....#.#######.###
...................
#.#.#.#.#.........#
#.#.#.#.>.......#..
#.####)..#.#....######.#
...K...@.....#..# #..
#K#####W##.#.#..######)#
#.≈.#.........^....
#.≈.#...#..######.#
#.≈.#.###..# #.# #.≈.###
#..# #.# #.:.# #..# #.#
##### #..# #.# #..# #.#


You could see Drazool's ghost and 2 kobolds.

Vanquished Creatures
  A water moccasin (D:3)
  An ice beast (D:6)
  An orc warrior (D:6)
  2 black bears
  2 ogres
  Blork the orc (D:5)
  A bullfrog (D:4)
  A kobold brigand (Sewer)
  A scorpion (D:4)
  An orc priest (D:5)
  3 jellies
  A centaur skeleton (D:5)
  An orc wizard (D:6)
  Robin (D:3)
  4 adders (D:2)
  2 gnolls (D:5)
  A river rat (D:4)
  2 worms
  4 dart slugs
  10 orcs
  6 ball pythons
  6 endoplasms
  3 giant cockroaches
  13 goblins
  9 hobgoblins
  15 jackals
  A quokka (D:2)
  5 bats
  10 frilled lizards
  8 kobolds
  10 rats
127 creatures vanquished.

Vanquished Creatures (collateral kills)
  An orc priest (D:5)
  A ball python (D:4)
  2 rats (Sewer)
4 creatures vanquished.

Vanquished Creatures (others)
  105 foxfires
  8 fulminant prisms
113 creatures vanquished.

Grand Total: 244 creatures vanquished

Notes
Turn   | Place    | Note
-------+----------+-------------------------------------------
     0 | D:1      | jestyr24 the Djinni Conjurer began the quest for the Orb.
     0 | D:1      | Reached XP level 1. HP: 15/15 MP: 0/0
   291 | D:1      | Reached XP level 2. HP: 20/21 MP: 0/0
   302 | D:1      | Found a faded altar of an unknown god.
   312 | D:1      | Reached skill level 4 in Spellcasting
  1045 | D:1      | Reached XP level 3. HP: 23/25 MP: 0/0
  1045 | D:1      | Learned a level 1 spell: Foxfire
  1459 | D:2      | Reached XP level 4. HP: 22/31 MP: 0/0
  2180 | D:3      | Noticed a black bear
  2185 | D:3      | Killed a black bear
  2186 | D:3      | Reached skill level 5 in Spellcasting
  2186 | D:3      | Reached XP level 5. HP: 23/35 MP: 0/0
  2186 | D:3      | Learned a level 2 spell: Wereblood
  2647 | D:3      | Found a runed translucent door.
  2648 | D:3      | Noticed reriks's ghost (amateur DEFE)
  2710 | D:3      | Noticed a water moccasin
  2717 | D:3      | Killed a water moccasin
  2718 | D:3      | Reached XP level 6. HP: 24/40 MP: 0/0
  2946 | D:3      | Reached skill level 6 in Spellcasting
  2975 | D:3      | Found Gumoa's Armour Shoppe.
  3011 | D:3      | Noticed Robin
  3017 | D:3      | Killed Robin
  3722 | D:4      | Found a blossoming altar of Fedhas.
  3810 | D:4      | Found a sacrificial altar of Ru.
  3855 | D:4      | Reached XP level 7. HP: 37/46 MP: 0/0
  3855 | D:4      | Learned a level 3 spell: Call Canine Familiar
  3960 | D:4      | Found a glowing drain.
  3969 | Sewer    | Entered a sewer
  4111 | Sewer    | Found a glowing silver altar of Zin.
  4912 | D:5      | Entered Level 5 of the Dungeon
  5025 | D:5      | Noticed Blork the orc
  5034 | D:5      | Killed Blork the orc
  5035 | D:5      | Reached skill level 7 in Spellcasting
  5309 | D:5      | Reached skill level 1 in Fighting
  5366 | D:5      | Reached XP level 8. HP: 48/52 MP: 0/0
  5409 | D:5      | Reached skill level 1 in Shields
  5471 | D:5      | Found an iron altar of Okawaru.
  6014 | D:6      | Found a runed translucent door.
  6014 | D:6      | Noticed Drazool's ghost (novice GnFi)
  6027 | D:6      | Slain by Drazool's ghost

Illustrated notes

Levels and vault maps discovered:
D:1:      dpeg_arrival_refuge, layout_loops_cross, basic_ecumenical_altar
D:2:      layout_basic
D:3:      layout_basic, nicolae_sif_muna_little_library, serial_shops, shop,
          gammafunk_ghost_grave, uniq_robin
D:4:      layout_basic, lemuel_crystal_altar, fedhas_altar_2,
          portal_sewer_entry_a, hangedman_decor_diamond_cutter,
          grunt_decor_fettered, minmay_misc_feat_square,
          hangedman_decor_peaks_small
D:5:      layout_cave_pools, okawaru_altar_gauntlet_db,
          hangedman_abyss_or_decor_stagger, uniq_blork_the_orc
D:6:      layout_basic, amcnicky_altar_gilded, ebering_ghost_reflecting_pool

Skill      XL: |  1  2  3  4  5  6  7  8 |
---------------+-------------------------+-----
Spellcasting   | 4 5 6 7 |  7.9
Stealth        | 2 3 |  3.5
Dodging        | 3 |  3.3
Fighting       | 1 2 |  2.3
Shields        | 2 |  2.1
Short Blades   | |  0.3

Action                   |  1- 3 |  4- 6 |  7- 9 || total
-------------------------+-------+-------+-------++-------
Melee: Dagger            |       |     9 |     8 ||    17
 Cast: Magic Dart        |    36 |    24 |    25 ||    85
       Searing Ray       |     4 |    14 |    12 ||    30
       Foxfire           |    16 |    27 |    17 ||    60
       Iskenderun's Myst |       |     2 |    10 ||    12
       Fulminant Prism   |       |     2 |     6 ||     8
       Call Canine Famil |       |       |     3 ||     3
  Use: Scroll            |       |       |     4 ||     4
       Potion            |       |       |     1 ||     1
Armor: Robe              |     1 |     3 |     1 ||     5
Dodge: Dodged            |     6 |    13 |     6 ||    25

Table legend: (Time is in decaauts)
 A = Elapsed time spent in this place.
 B = Non-inter-level travel time spent in this place.
 C = Inter-level travel time spent in this place.
 D = Time resting spent in this place.
 E = Time spent auto-exploring this place.
 F = Levels seen in this place.
 G = Mean time per level.
                   A        B        C        D        E       F      G
               +--------+--------+--------+--------+--------+-----+--------+
         Total |   6026 |   5963 |     63 |   1045 |   3772 |   7 |  860.9 |
       Dungeon |   5833 |   5770 |     63 |   1014 |   3735 |   6 |  972.2 |
         Sewer |    192 |    192 |      0 |     31 |     37 |   1 |  192.0 |
               +--------+--------+--------+--------+--------+-----+--------+

Top non-repeatable levels by time:
     D:1: 1385 daAuts
     D:3: 1338 daAuts
     D:2: 998 daAuts
     D:4: 997 daAuts
     D:5: 830 daAuts
     D:6: 283 daAuts
   Sewer: 192 daAuts
